 Dungeon Crawl Stone Soup version 0.18.1-47-g9310371 (webtiles) character file.

36 spiff the Shooter (level 3, 0/23 HPs)
             Began as a High Elf Arcane Marksman on June 23, 2016.
             Slain by a giant gecko (4 damage)
             ... on level 1 of the Dungeon.
             The game lasted 00:02:22 (1068 turns).

spiff the Shooter (High Elf Arcane Marksman)        Turns: 1068, Time: 00:02:23

Health: 0/23       AC:  2    Str: 10    XL:     3   Next: 19%
Magic:  5/5        EV: 12    Int: 17    God:
Gold:   18         SH:  0    Dex: 15    Spells: 2 memorised, 1 level left

rFire  . . .     SeeInvis .     k - +1 dagger (speed)
rCold  . . .     Gourm    .     b - +0 robe
rNeg   . . .     Faith    .     (no shield)
rPois  .         Spirit   .     (no helmet)
rElec  .         Dismiss  .     (no cloak)
rCorr  .         Reflect  .     (no gloves)
SustAt .         Harm     .     (no boots)
MR     .....                    j - amulet of magic regeneration
Stlth  +.........               (no ring)
                                (no ring)

@: not resistant to hostile enchantments, very unstealthy
A: no striking features
a: no special abilities


You were on level 1 of the Dungeon.
You were not hungry.

You visited 1 branch of the dungeon, and saw 1 of its levels.

You collected 18 gold pieces.

Inventory:

Hand Weapons
 a - a +0 shortbow
 k - a +1 dagger of speed (weapon)
Missiles
 d - 15 arrows
Armour
 b - a +0 robe (worn)
Jewellery
 j - an amulet of magic regeneration (around neck)
Scrolls
 e - a scroll of magic mapping {unknown}
Potions
 g - a potion of resistance {unknown}
 h - 2 potions of curing {unknown}
 i - a potion of magic {unknown}
Books
 c - a book of Debilitation

   Spells                             Type                      Level
   a - Corona                         Hexes                        1
   b - Slow                           Hexes                        2
   c - Gell's Gravitas                Hexes/Translocation          3
   d - Inner Flame                    Hexes/Fire                   3
   e - Cause Fear                     Hexes                        4
   f - Leda's Liquefaction            Hexes/Earth                  4
Comestibles
 f - a bread ration
 l - 2 chunks of flesh


   Skills:
 - Level 1.0 Fighting
 + Level 4.9 Bows
 - Level 2.1 Dodging
 - Level 1.2 Spellcasting
 - Level 3.0 Hexes


You had one spell level left.
You knew the following spells:

 Your Spells              Type           Power        Failure   Level  Hunger
a - Corona                Hex            ##.....      10%         1    ##.....
s - Slow                  Hex            ##......     12%         2    ###....


Dungeon Overview and Level Annotations

Branches:
Dungeon (1/15)

Altars:


Message History

The giant gecko is severely wounded.
The giant gecko bites you but does no damage.
You hit the giant gecko.
You kill the giant gecko!
Casting: Corona
Confirm with . or Enter, or press ? or * to list all spells.
Aiming: Corona
Press: ? - help, Shift-Dir - straight line, f/p - giant gecko
Aim: a giant gecko (moderately wounded, clinging, chance to defeat MR: 82%)
The giant gecko is outlined in light.
The giant gecko barely misses you. x2
You barely miss the giant gecko.
The giant gecko is moderately wounded.
The giant gecko bites you.
* * * LOW HITPOINT WARNING * * *
You barely miss the giant gecko.
The giant gecko is moderately wounded.
You barely miss the giant gecko.
The giant gecko is moderately wounded.
The giant gecko bites you.
You die...

#........#####
#.#.....## ♣##♣♣♣♣♣
#.#.....##♣#P.≈.#PP#PP
#.#.##..##P#.....PPPPP
#.#.....(#P...(...#r.P
#...#.#.r))...§...#l..
#####r..##P.......#l.P
#l#.###P.....P.PP#
#@#.# ♣PP...PPPP#♣
#.### #♣♣♣♣♣♣♣##P #.#
#.# #.# #.# #.# #..


You could see a giant gecko and a rat.

Vanquished Creatures
  A dart slug (D:1)
  2 giant geckos (D:1)
  A giant cockroach (D:1)
  2 hobgoblins (D:1)
  4 bats (D:1)
  A giant newt (D:1)
  8 goblins (D:1)
  8 kobolds (D:1)
  3 rats (D:1)
30 creatures vanquished.

Vanquished Creatures (others)
  A bat (D:1)
  A plant (D:1)
2 creatures vanquished.

Grand Total: 32 creatures vanquished

Notes
Turn   | Place    | Note
--------------------------------------------------------------
     0 | D:1      | spiff the High Elf Arcane Marksman began the quest for the Orb.
     0 | D:1      | Reached XP level 1. HP: 13/13 MP: 3/3
    78 | D:1      | Reached skill level 3 in Bows
   161 | D:1      | Reached XP level 2. HP: 18/18 MP: 4/4
   210 | D:1      | Reached skill level 4 in Bows
   479 | D:1      | Learned a level 2 spell: Slow
   768 | D:1      | Reached XP level 3. HP: 21/23 MP: 5/5
  1068 | D:1      | Slain by a giant gecko

Skill      XL: |  1  2 |
---------------+-------+-----
Bows           | 3 4 |  4.9
Fighting       | |  1.0
Dodging        | |  2.1
Spellcasting   | |  1.2
Hexes          | |  3.0

Action                   || total
-------------------------++-------
Melee: Dagger            ||    40
 Fire: Shortbow          ||    59
 Cast: Corona            ||     2
  Use: Scroll            ||     1
 Stab: Sleeping          ||     2
Armor: Robe              ||     9
Dodge: Dodged            ||    49
